 Dungeon Crawl Stone Soup version 0.16-a0-922-gae79c9c (webtiles) character file.

120 JacquesDerrida the Insei (level 4, 13/32 HPs)
             Began as a Demonspawn Transmuter on Sept 30, 2014.
             Quit the game on Level 3 of the Dungeon.
             The game lasted 00:08:12 (1746 turns).

JacquesDerrida the Insei (Demonspawn Transmuter)    Turns: 1746, Time: 00:08:12

HP  13/32        AC  3     Str 10      XL: 4   Next: 75%
MP   7/7         EV 11     Int 15      God:
Gold 131         SH  0     Dex 14      Spells:  1 memorised,  6 levels left

rFire  + . .     SeeInvis .       - Unarmed
rCold  . . .     Clarity  .     m - +0 leather armour
rNeg   . . .     rCorr    .     (no shield)
rPois  .         rRot     +     (helmet restricted)
rElec  .         Spirit   .     (no cloak)
SustAb .         Warding  .     (no gloves)
rMut   .         Stasis   .     (no boots)
Gourm  .                        (no amulet)
MR     .....                    (no ring)
                                k - ring of protection from fire

@: not resistant to hostile enchantments, very unstealthy
A: antennae 1, claws 1, rot immunity
a: no special abilities


You were on level 3 of the Dungeon.
You were not hungry.

You visited 1 branch of the dungeon, and saw 3 of its levels.

You collected 131 gold pieces.

Inventory:

Missiles
 b - 33 arrows
 l - 5 poisoned tomahawks (quivered)
Armour
 c - a +0 robe
 m - a +0 leather armour (worn)
Comestibles
 a - 2 bread rations
 p - 2 beef jerkies
 q - a rotting chunk of bat flesh
Scrolls
 e - a scroll of random uselessness {unknown}
 f - a scroll of teleportation {unknown}
 g - 7 scrolls of identify {unknown}
 h - a scroll of noise {unknown}
 i - 2 scrolls of remove curse {unknown}
 o - 2 scrolls of recharging {unknown}
Jewellery
 k - a ring of protection from fire (left claw)
Potions
 j - a potion of cure mutation {unknown}
Books
 d - a book of Changes

   Spells                             Type                      Level
   *Beastly Appendage                 Transmutation                1
   Sticks to Snakes                   Transmutation                2
   Spider Form                        Transmutation/Poison         3
   Ice Form                           Ice/Transmutation            4
   Blade Hands                        Transmutation                5


   Skills:
 - Level 1.0 Fighting
 - Level 1.7 Dodging
 + Level 5.0 Unarmed Combat
 - Level 2.0 Spellcasting
 - Level 1.7 Transmutations


You had 6 spell levels left.
You knew the following spells:

 Your Spells              Type           Power        Failure   Level  Hunger
a - Beastly Appendage     Trmt           #.....       12%         1    #......


Dungeon Overview and Level Annotations

Branches:
Dungeon (3/15)

Altars:
Fedhas


Innate Abilities, Weirdness & Mutations

You have a pair of small antennae on your head.
You have sharp fingernails.
You are immune to rotting.


Message History

There isn't anything else to butcher here.
Unknown command.
Butcher a jackal corpse? [(y)es/(c)hop/(n)o/(a)ll/(q)uit/?]
Butcher a kobold corpse? [(y)es/(c)hop/(n)o/(a)ll/(q)uit/?]
There isn't anything else to butcher here.
You start butchering the jackal corpse.
You continue butchering the corpse.
You continue butchering the corpse. x2
You finish butchering the jackal corpse.
n - a chunk of jackal flesh
Things that are here:
2 stones; a kobold corpse Unknown command.
Eat a chunk of jackal flesh? (ye/n/q/i?) This raw flesh tastes terrible.
You continue eating. x2
Items here: %% ( ) [ a flail; 26 stones; a leather armour; a giant cockroach corpse; a jackal corpse
There is an open door here.
There is an open door here.
Are you sure you want to abandon this character and quit the game? (Confirm with "yes".)

#..........#
#####'########.
#...............
#.#####.#######
#.# #.# #.#
#.#####.#
#.....@.#
#########


There were no monsters in sight!

Vanquished Creatures
  3 gnolls (D:3)
  4 adders (D:3)
  A worm (D:2)
  4 orcs (D:3)
  3 goblins
  3 hobgoblins
  4 jackals (D:3)
  5 kobolds
  7 bats
  3 giant cockroaches
  3 giant newts
  4 rats
44 creatures vanquished.

Notes
Turn   | Place    | Note
--------------------------------------------------------------
     0 | D:1      | JacquesDerrida, the Demonspawn Transmuter, began the quest for the Orb.
     0 | D:1      | Reached XP level 1. HP: 15/15 MP: 3/3
   240 | D:1      | Reached skill level 3 in Unarmed Combat
   311 | D:1      | Gained mutation: You have a pair of small antennae on your head. [demonic ancestry]
   311 | D:1      | Reached XP level 2. HP: 11/21 MP: 2/4
   662 | D:3      | Gained mutation: You have sharp fingernails. [demonic ancestry]
   662 | D:3      | Reached XP level 3. HP: 6/26 MP: 6/6
   789 | D:3      | Found a blossoming altar of Fedhas.
   803 | D:3      | Reached skill level 4 in Unarmed Combat
   880 | D:3      | HP: 1/26 [orc/short sword (7)]
  1146 | D:3      | Gained mutation: You are immune to rotting. [demonic ancestry]
  1146 | D:3      | Reached XP level 4. HP: 11/32 MP: 7/7
  1639 | D:3      | Reached skill level 5 in Unarmed Combat
  1746 | D:3      | Quit the game

Action                   |  1- 3 |  4- 6 || total
-------------------------+-------+-------++-------
Melee: Unarmed           |    94 |    37 ||   131
Throw: Tomahawk          |    18 |    10 ||    28
 Cast: Beastly Appendage |    10 |     1 ||    11
  Eat: Chunk             |       |     3 ||     3
